 Dungeon Crawl Stone Soup version 0.24.0-28-g17ded55e90 (webtiles) character file.

Game seed: 4248670773685696696, levelgen mode: deterministic

5029 Metae the Fighter (level 10, -3/102 HPs)
             Began as a Deep Dwarf Fighter on Nov 11, 2019.
             Was a Plaything of Xom.
             Killed from afar by Erolcha (10 damage)
             ... with a bolt of cold
             ... on level 10 of the Dungeon.
             The game lasted 01:02:10 (9101 turns).

Metae the Fighter (Deep Dwarf Fighter)              Turns: 9101, Time: 01:02:11

Health: -3/102     AC: 16    Str: 31    XL:     10   Next: 30%
Magic:  0/7        EV:  8    Int: 12    God:    Xom [.*....]
Gold:   279        SH:  0    Dex: 12    Spells: 13/13 levels left

rFire    + + .     SeeInvis .   M - +1 broad axe
rCold    . . .     Gourm    .   (no shield)
rNeg     . . .     Faith    .   P - +0 plate armour
rPois    .         Spirit   +   (no helmet)
rElec    .         Reflect  .   s - +0 cloak
rCorr    .         Harm     .   e - +0 pair of gloves
MR       +....                  (no boots)
Stlth    ..........             u - amulet of guardian spirit
HPRegen  0.00/turn              h - +4 ring of strength
MPRegen  0.10/turn              y - ring "Geuk Erch" {rF+ Str+5}

@: non-regenerating, slowed, very slow
A: damage resistance, heal wounds, clever 1, fire resistance 1, sense
surroundings 2, no regeneration
a: Heal Wounds, Renounce Religion


You were on level 10 of the Dungeon.
You worshipped Xom.
You were a plaything of Xom.
You were not hungry.

You visited 1 branch of the dungeon, and saw 10 of its levels.
You also visited: Sewer.

You collected 538 gold pieces.
You spent 259 gold pieces at shops.

Inventory:

Hand Weapons
 b - a +0 hunting sling
 r - a +4 quarterstaff of chaos
 K - a +0 hand crossbow
 M - a +1 broad axe (weapon)
Missiles
 p - 37 sling bullets
 L - 10 bolts
Armour
 c - a +0 shield
 e - a +0 pair of gloves (worn)
 m - a +0 scale mail
 s - a +0 cloak (worn)
 x - a +1 leather armour of cold resistance
 A - a +2 shield of poison resistance
 P - a +0 plate armour (worn)
 R - a +0 troll leather armour
Magical Staves
 z - an uncursed staff of poison
Jewellery
 h - a +4 ring of strength (left hand)
 u - an amulet of guardian spirit (around neck)
 y - the ring "Geuk Erch" (right hand) {rF+ Str+5}
   (You found it on level 7 of the Dungeon)

   [ring of protection from fire]

   It affects your strength (+5).
   It protects you from fire.
 C - an uncursed ring of fire
 D - the ring of Ephemeral Luck {Wiz MR++}
   (Xom gifted it to you on level 5 of the Dungeon)

   [ring of wizardry]

   It improves your spell success rate.
   It affects your resistance to hostile enchantments.
Wands
 a - a wand of flame (15)
 o - a wand of iceblast (2)
 v - a wand of polymorph (9)
 E - a wand of random effects (35)
 I - a wand of paralysis (22)
 Q - a wand of digging (5)
Scrolls
 l - a scroll of remove curse
 n - a scroll of amnesia
 w - 2 scrolls of noise
 B - a scroll of vulnerability {unknown}
 N - 5 scrolls of teleportation
Potions
 d - a potion of might
 g - 4 potions of flight
 i - 2 potions of curing
 j - a potion of degeneration {unknown}
 k - 4 potions of agility
 q - 2 potions of haste
 t - 2 potions of brilliance
 F - a potion of invisibility
 J - a potion of magic {unknown}
 O - a potion of ambrosia {unknown}
Comestibles
 f - 12 rations
 G - 5 chunks of flesh


   Skills:
 * Level 10.1 Fighting
 + Level 5.8 Axes
 - Level 4.1 Staves
 + Level 7.6 Armour
 - Level 3.2 Shields
 - Level 2.4 Spellcasting
 + Level 6.2 Evocations


You had 13 spell levels left.
You didn't know any spells.
Your spell library contained the following spells:

 Spells                   Type           Power        Failure   Level  Hunger
 Summon Small Mammal      Summ           #...         90%         1    ##.....
 Call Imp                 Summ           #.......     97%         2    ###....
 Call Canine Familiar     Summ           #.......     99%         3    ####...
 Summon Guardian Golem    Hex/Summ       #.......     99%         3    ####...
 Summon Ice Beast         Ice/Summ       #.......     100%        4    #####..
 Summon Lightning Spire   Summ/Air       #.......     100%        4    #####..


Dungeon Overview and Level Annotations

Branches:
Dungeon (10/15)            Temple (0/1) D:4            Lair (0/6) D:10
    Orc (0/2) D:10          Sewer (visited)

Altars:
Dithmenos
Elyvilon
Fedhas
Gozag
Makhleb
Nemelex Xobeh
Okawaru
Trog
Wu Jian
Xom
Yredelemnul
The Shining One

Shops:
D:7 **

Annotations:
D:10 1 runed translucent door, Erolcha; sking99's ghost, journeyman DsFi


Innate Abilities, Weirdness & Mutations

You are resistant to damage.
You can heal yourself by infusing magical energy.
You passively map the area around you.
You do not regenerate.
Your mind is acute. (Int +2)
Your flesh is heat resistant. (rF+)


Message History

The crystal spear misses you. Erolcha casts a spell at you.
You feel yourself slow down.
You barely miss Erolcha.
Erolcha is moderately wounded.
Erolcha is no longer moving quickly.
Erolcha hits you with a +3 giant club!!
* * * LOW HITPOINT WARNING * * *
Erolcha zaps a wand.
You resist with almost no effort. Erolcha completely misses you.
You slash Erolcha!
Erolcha is heavily wounded.
Erolcha hits you but does no damage.
You barely miss Erolcha.
Erolcha is heavily wounded.
Erolcha hits you with a +3 giant club!!
* * * LOW HITPOINT WARNING * * *
Erolcha gestures at you while chanting. The bolt of cold hits you!
You die...
Xom bursts into laughter!

#......#
#..# #...# ,
#......#
#..# #...# ,
, ,.......#
#..# #...#,
* * , , #..#
#...# , #..#
...# * * , ,
#..# , ,
#>.# * ,, *
* , ##..###
, , ,*
#...@O# , *
, ,*
###+##r..#*,
, , ,
#$W(#,..# ,,
* , ##.## .#
,, , , ,
###* * # ,,
* * *, , * *
* ,, * * ,,
* , , , ,*
,, ,


You could see Erolcha, a +2 mace of chaos, sking99's ghost and a quokka.

Vanquished Creatures
  Pikel (D:5)
  A faun (D:9)
  A troll (D:7)
  A raiju (shapeshifter) (D:7)
  Prince Ribbit (D:7)
  A yak (shapeshifter) (D:8)
  Menkaure (D:7)
  2 orc warriors
  4 ice beasts
  A sky beast (D:5)
  3 necrophages
  2 ogres (D:8)
  2 eyes of draining
  3 centaurs
  4 big kobolds
  2 bullfrogs (D:7)
  3 scorpions
  3 crimson imps
  An orc priest (D:8)
  A centaur skeleton (D:6)
  A gnoll shaman (D:6)
  A hound (D:5)
  Crazy Yiuf (D:2)
  Jessica (D:2)
  Terence (D:2)
  2 orc wizards
  8 worker ants
  A howler monkey zombie (D:7)
  A worker ant zombie (D:9)
  4 gnolls (D:6)
  15 adders
  2 river rats
  3 shadow imps
  3 oozes
  2 adder skeletons
  5 worms
  2 dart slugs
  7 leopard geckos
  17 orcs
  5 ball pythons
  7 giant cockroaches
  4 goblins
  11 hobgoblins
  8 jackals
  8 quokkas
  10 bats
  4 frilled lizards
  14 kobolds
  A leopard gecko zombie (D:8)
  A quokka skeleton (D:4)
  15 rats
203 creatures vanquished.

Vanquished Creatures (collateral kills)
  Joseph (D:7)
  A hornet (D:7)
  An orc warrior (D:7)
  A phantom (D:7)
  A slave (D:5)
  A hound (D:8)
  3 orc priests
  A worker ant (D:7)
  3 orcs
  2 jackals (D:7)
15 creatures vanquished.

Grand Total: 218 creatures vanquished

Notes
Turn   | Place    | Note
-------+----------+-------------------------------------------
     0 | D:1      | Metae the Deep Dwarf Fighter began the quest for the Orb.
     0 | D:1      | Reached XP level 1. HP: 20/20 MP: 1/1
    48 | D:1      | Reached skill level 3 in Fighting
   265 | D:1      | Reached XP level 2. HP: 22/28 MP: 2/2
   761 | D:1      | Reached XP level 3. HP: 30/34 MP: 2/2
  1230 | D:2      | Found a shimmering altar of Xom.
  1230 | D:2      | Found a shadowy altar of Dithmenos.
  1231 | D:2      | Noticed Jessica
  1237 | D:2      | Killed Jessica
  1237 | D:2      | Reached skill level 1 in Spellcasting
  1237 | D:2      | Reached XP level 4. HP: 44/44 MP: 4/4
  1261 | D:2      | Became a worshipper of Xom of Chaos
  1317 | D:2      | Noticed Terence
  1321 | D:2      | Found a blossoming altar of Fedhas.
  1331 | D:2      | Killed Terence
  1331 | D:2      | Reached skill level 4 in Fighting
  1551 | D:2      | XOM: divination: detect creatures
  1615 | D:2      | Found a runed translucent door.
  1616 | D:2      | Noticed Crazy Yiuf
  1625 | D:2      | Killed Crazy Yiuf
  1625 | D:2      | Reached XP level 5. HP: 43/50 MP: 6/6
  1637 | D:2      | XOM: harmless Necr miscast
  2306 | D:3      | XOM: harmless Necr miscast
  2620 | D:3      | XOM: harmless Necr miscast
  3194 | D:4      | XOM: god gift: short runed staff {god gift}
  3324 | D:4      | XOM: confuse monster(s)
  3339 | D:4      | Found a staircase to the Ecumenical Temple.
  3383 | D:4      | Reached XP level 6. HP: 23/60 MP: 0/8
  3385 | D:4      | XOM: god gift: ruby potion {god gift}
  3535 | D:4      | XOM is BORED!
  3603 | D:4      | Found an iron altar of Okawaru.
  3764 | D:5      | Entered Level 5 of the Dungeon
  3791 | D:5      | Reached skill level 5 in Fighting
  3791 | D:5      | Reached skill level 1 in Staves
  3791 | D:5      | Reached skill level 5 in Armour
  3899 | D:5      | XOM: confuse monster(s)
  3985 | D:5      | Reached XP level 7. HP: 22/67 MP: 0/9
  3998 | D:5      | XOM: god gift: slimy copper ring {god gift}
  3999 | D:5      | Got a slimy copper ring {god gift}
  4004 | D:5      | Identified the ring of Ephemeral Luck {Wiz MR++} (Xom
                  | gifted it to you on level 5 of the Dungeon)
  4015 | D:5      | Found a burning altar of Makhleb.
  4170 | D:5      | HP: 3/67 [something (3)]
  4297 | D:5      | Found a glowing drain.
  4301 | Sewer    | Entered a sewer
  4352 | Sewer    | Reached skill level 6 in Fighting
  4608 | Sewer    | XOM: potion effect (curing)
  4612 | Sewer    | XOM: cast spell 'Olgreb's Toxic Radiance'
  4617 | Sewer    | XOM: summons friendly ufetubus
  4855 | D:5      | XOM: 3-stop teleportation journey
  4896 | D:5      | XOM: god gift: scroll labeled UGINETOBUS {god gift}
  4953 | D:5      | XOM: summons 7 friendly demons
  4962 | D:5      | Noticed Pikel
  4974 | D:5      | HP: 3/70 [Pikel/+1 whip of flaming (5)]
  4981 | D:5      | XOM: summons 6 friendly demons
  4984 | D:5      | Killed Pikel
  4984 | D:5      | Reached skill level 7 in Fighting
  4984 | D:5      | Reached XP level 8. HP: 13/80 MP: 0/9
  5549 | D:6      | Found an opulent altar of Gozag.
  6059 | D:6      | XOM: harmless Necr miscast
  6161 | D:6      | XOM: medium Summ miscast
  6162 | D:6      | Noticed an orange demon
  6442 | D:6      | Reached skill level 8 in Fighting
  6442 | D:6      | Reached skill level 1 in Evocations
  6582 | D:7      | Got a brightly glowing iron ring
  6647 | D:7      | Noticed Joseph
  6649 | D:7      | Noticed a hornet
  6654 | D:7      | Killed a hornet
  6654 | D:7      | Gained mutation: You passively map the area around you.
                  | [Deep Dwarf growth]
  6654 | D:7      | Reached XP level 9. HP: 69/90 MP: 0/8
  6669 | D:7      | Killed Joseph
  6675 | D:7      | Identified the ring "Geuk Erch" {rF+ Str+5} (You found it
                  | on level 7 of the Dungeon)
  6863 | D:7      | Noticed Prince Ribbit
  6882 | D:7      | Killed Prince Ribbit
  7032 | D:7      | XOM: harmless Conj miscast
  7048 | D:7      | Found an ornate altar of the Wu Jian Council.
  7066 | D:7      | Noticed a troll
  7067 | D:7      | XOM: 2-stop teleportation journey
  7088 | D:7      | XOM: smoke on damage
  7103 | D:7      | Found a bloodstained altar of Trog.
  7150 | D:7      | Noticed Menkaure
  7159 | D:7      | XOM: polymorph iguana -> shapeshifter
  7163 | D:7      | Killed Menkaure
  7163 | D:7      | Reached skill level 9 in Fighting
  7293 | D:7      | Found Nim Mika's Serpentskin Sales.
  7313 | D:7      | Bought a +2 shield of poison resistance for 259 gold pieces
  7314 | D:7      | XOM: summons 2 hostile demons
  7415 | D:7      | Killed a troll
  7481 | D:7      | Found Qikk's General Store.
  7677 | D:8      | XOM: harmless Conj miscast
  7682 | D:8      | XOM: polymorph orc warrior -> shapeshifter
  7682 | D:8      | XOM: smoke on damage
  7687 | D:8      | Reached skill level 5 in Axes
  7687 | D:8      | Reached skill level 5 in Evocations
  7769 | D:8      | XOM: potion effect (magic)
  7802 | D:8      | XOM: fake destruction
  7804 | D:8      | XOM: summons friendly shadow imp
  7823 | D:8      | XOM: give mutations
  7823 | D:8      | Gained mutation: Your flesh is heat resistant. (rF+) [Xom's
                  | grace]
  7823 | D:8      | Gained mutation: Your mind is acute. (Int +2) [Xom's grace]
  7834 | D:8      | Found a basalt altar of Yredelemnul.
  7925 | D:8      | Reached XP level 10. HP: 40/100 MP: 1/8
  8244 | D:8      | Found a white marble altar of Elyvilon.
  8642 | D:9      | Found a sparkling altar of Nemelex Xobeh.
  8757 | D:9      | Noticed a two-headed ogre
  8757 | D:9      | Noticed a faun
  8757 | D:9      | a two-headed ogre changed into a faun
  8757 | D:9      | XOM: polymorph two-headed ogre -> faun
  8775 | D:9      | Killed a faun
  8775 | D:9      | Reached skill level 10 in Fighting
  8805 | D:9      | XOM: mild Summ miscast
  8933 | D:9      | Found a glowing golden altar of the Shining One.
  8968 | D:10     | Entered Level 10 of the Dungeon
  9042 | D:10     | Found a staircase to the Lair.
  9061 | D:10     | Found a runed translucent door.
  9062 | D:10     | Found a shimmering altar of Xom.
  9062 | D:10     | Noticed sking99's ghost (journeyman DsFi)
  9062 | D:10     | Noticed a +2 mace of chaos
  9076 | D:10     | Noticed Erolcha
  9097 | D:10     | XOM: harmless Summ miscast
  9101 | D:10     | Killed from afar by Erolcha

Levels and vault maps discovered:
D:1:      scummos_arrival_forest, layout_loops_ring, minmay_tree_intersection
D:2:      layout_rooms, gammafunk_temple_overflow_pools, fedhas_altar_1,
          first_ration, serial_bayou_crossing, uniq_jessica,
          uniq_crazy_yiuf_cottage, uniq_terence
D:3:      layout_loops_ring, chequers_serial_rivers_micro_e,
          guppyfry_early_lair_pool
D:4:      layout_cave_pools, marbit_many_paths, minmay_temple_entry_overgrown,
          serial_rivers, chequers_serial_rivers_room_a,
          chequers_serial_rivers_micro_b, chequers_serial_rivers_large_a,
          chequers_serial_rivers_micro_a, chequers_serial_rivers_micro_c,
          minmay_misc_feat_more_columns
D:5:      layout_basic, gup_sewer_entry_bowl, bloody_makhleb, uniq_pikel
D:6:      layout_gridville, grunt_gozag_statues
D:7:      layout_layer_cave, kennysheep_mini_moat, serial_shops, shop,
          basic_altar, guppyfry_shop_venom, uniq_prince_ribbit1, uniq_joseph,
          uniq_menkaure
D:8:      layout_cave_pools, kennysheep_ying_yang
D:9:      layout_basic, lemuel_round_altar, nicolae_tso_swordbearing_angel
D:10:     layout_long_grid, lair_entry_dummy, zombieorc2_lemuel,
          ebering_ghost_xom, the_bakery, serial_bayou_pond_e,
          hangedman_abyss_or_decor_passed, uniq_erolcha

Skill      XL: |  1  2  3  4  5  6  7  8  9 10 |
---------------+-------------------------------+-----
Fighting       | 3 4 5 7 8 9 10 | 10.1
Armour         | 4 5 7 |  7.6
Spellcasting   | 1 2 |  2.4
Staves         | 1 4 |  4.1
Evocations     | 2 5 6 |  6.2
Axes           | 3 5 |  5.8
Shields        | |  3.2

Action                   |  1- 3 |  4- 6 |  7- 9 | 10-12 || total
-------------------------+-------+-------+-------+-------++-------
Melee: War axe           |   136 |   174 |   184 |       ||   494
       Staff             |       |    40 |       |       ||    40
       Broad axe         |       |       |   199 |    90 ||   289
 Abil: Heal Wounds       |     2 |       |    15 |     4 ||    21
Evoke: Wand              |       |       |     2 |       ||     2
  Use: Scroll            |     3 |     4 |    12 |       ||    19
       Potion            |     1 |     4 |     7 |     2 ||    14
 Stab: Sleeping          |     1 |       |       |       ||     1
       Confused          |       |     2 |       |       ||     2
  Eat: Chunk             |     1 |     6 |     4 |     1 ||    12
       Ration            |       |     1 |     3 |     1 ||     5
Armor: Scale mail        |    69 |    88 |    17 |       ||   174
       Chain mail        |       |       |   133 |       ||   133
       Plate armour      |       |       |    86 |    61 ||   147
Dodge: Dodged            |    41 |    83 |   138 |    48 ||   310
Block: Shield            |    98 |   110 |   209 |       ||   417
